 Dungeon Crawl Stone Soup version 0.32-a0-685-g93135e86f0 (webtiles) character file.

Game seed: 5720357328909694696

5163 warriortoast the Geomancer (level 10, -3/45 HPs)
             Began as a Gargoyle Earth Elementalist on Mar 12, 2024.
             Was a Priest of Hepliaklqana.
             Slain by a yak (13 damage)
             ... on level 8 of the Dungeon.
             The game lasted 00:17:06 (8028 turns).

warriortoast the Geomancer (GrEE)                   Turns: 8028, Time: 00:17:07

Health: -3/45      AC: 10    Str: 12    XL:     10   Next: 59%
Magic:  22/22      EV: 17    Int: 20    God:    Hepliaklqana [***...]
Gold:   161        SH:  0    Dex: 14    Spells: 11/26 levels left

rFire   + + +        s - +8 spear "Vucs" {venom, *Noise rF+++ Dex+4}
rCold   . . .        (no shield)
rNeg    + . .        a - +0 robe
rPois   ∞            (no helmet)
rElec   +            (no cloak)
rCorr   .            H - +0 pair of gloves
SInv    .            (no boots)
Will    .....        m - amulet of regeneration
Stlth   +++          c - +5 ring of evasion
HPRegen 1.07/turn    (no ring)
MPRegen 0.18/turn

%: no passive effects
@: no status effects
A: reduced essence, sickness immunity, AC +7, negative energy resistance 1,
electricity resistance, torment resistance 1, petrification resistance
a: Renounce Religion, Ancestor Life: Knight, Ancestor Life: Battlemage, Ancestor
Life: Hexer, Recall Ancestor, Ancestor Identity, Transference


You were on level 8 of the Dungeon.
You worshipped Hepliaklqana.
Hepliaklqana was most pleased with you.
You visited 2 branches of the dungeon, and saw 10 of its levels.

You collected 381 gold pieces.
You spent 220 gold pieces at shops.

Inventory:

Hand Weapons
 e - a +0 war axe
 s - the +8 spear "Vucs" (weapon) {venom, *Noise rF+++ Dex+4}
   (You found it on level 3 of the Dungeon)

   Dex+4:     It affects your dexterity (+4).
   rF+++:     It renders you almost immune to fire.
   *Noise:    It may make a loud noise when swung.
Missiles
 C - 2 throwing nets
Armour
 a - a +0 robe (worn)
 H - a +0 pair of gloves (worn)
Jewellery
 c - a +5 ring of evasion (left hand)
 m - an amulet of regeneration (around neck)
 u - an amulet of faith
Wands
 o - a wand of iceblast (45)
 q - a wand of flame (18)
 y - a wand of digging (6)
 I - a wand of light (21)
Scrolls
 g - 2 scrolls of poison {unknown}
 i - 2 scrolls of fog {unknown}
 j - 7 scrolls of identify {unknown}
 l - a scroll of summoning {unknown}
 p - a scroll of vulnerability {unknown}
 r - 2 scrolls of fear {unknown}
 t - 2 scrolls of teleportation {unknown}
 v - a scroll of blinking {unknown}
 w - a scroll of enchant armour {unknown}
 x - 3 scrolls of torment {unknown}
 A - a scroll of enchant weapon {unknown}
 B - 2 scrolls of amnesia {unknown}
 F - a scroll of noise {unknown}
 G - a scroll of brand weapon {unknown}
Potions
 b - 2 potions of magic
 d - a potion of heal wounds {unknown}
 f - 3 potions of lignification
 h - 3 potions of mutation {unknown}
 k - 5 potions of curing
 n - 3 potions of haste
 z - a potion of might {unknown}
 D - a potion of attraction {unknown}
 E - 3 potions of brilliance
 J - a potion of degeneration {unknown}


   Skills:
 - Level 1.5 Dodging
 - Level 5.0 Stealth
 + Level 8.6 Spellcasting
 + Level 9.9 Conjurations
 - Level 10.0 Earth Magic


You had 11 spell levels left.
You knew the following spells:

 Your Spells              Type           Power      Damage    Failure   Level
a - Sandblast             Erth           96%        2d20      1%          1
b - Stone Arrow           Conj/Erth      96%        3d13      1%          3
c - Brom's Barrelling Bo  Conj/Erth      48%        2d7       1%          4
d - Passwall              Erth           48%        N/A       1%          3
e - Petrify               Alch/Erth      28%        N/A       11%         4

Your spell library contained the following spells:

 Spells                   Type           Power      Damage    Failure   Level


Dungeon Overview and Level Annotations

Branches:
Dungeon (9/15)             Temple (1/1) D:4
   Lair: D:8-11         Orc: D:9-12

Altars:
Ashenzari
Cheibriados
Dithmenos
Elyvilon
Fedhas
Gozag
Hepliaklqana
Kikubaaqudgha
Makhleb
Nemelex Xobeh
Okawaru
Qazlal
Ru
Sif Muna
Trog
Uskayaw
Vehumet
Wu Jian
Xom
Yredelemnul
Zin
The Shining One

Shops:
D:7 [((!

Annotations:
D:4 Sigmund


Innate Abilities, Weirdness & Mutations

Your life essence is reduced to manifest your ancestor. (-10% HP)
You are immune to sickness and miasma.
Your stone body is resilient. (AC +7)
You are immune to poison.
You resist negative energy. (rN+)
You are resistant to electric shocks. (rElec)
You are resistant to unholy torment.
You are immune to petrification.


Message History

A seven-headed hydra comes into view.
Uhism hits the seven-headed hydra.
Something bites Uhism. x3
Uhism is destroyed!
There is a stone staircase leading up here.
You climb upwards.
There is a stone staircase leading down here.
You start resting.
Magic restored.
You see here 6 stones.
There is a stone staircase leading down here.
You climb downwards.
There is a stone staircase leading up here.
The yak bellows! x3
You climb upwards.
There is a stone staircase leading down here.
You start waiting.
Uhism emerges from the mists of memory!
Casting: Sandblast (safe; 1% risk of failure)
Confirm with . or Enter, or press ? or * to list all spells.
Okay, then.
You climb downwards.
The yak closely misses you. x2; The yak gores you!
The yak closely misses you. The yak misses you. The yak gores you.
The yak barely misses you.
There is a stone staircase leading up here.
The blast of sand hits the yak!!
The yak is severely wounded.
The yak misses you. x2; The yak gores you but does no damage.
The yak gores you. The yak misses you. The yak gores you but does no damage.
The yak gores you! The yak gores you.
Uhism closely misses the yak.
You climb upwards.
There is a stone staircase leading down here.
You swap places.
The yak closely misses you.
The yak closely misses Uhism.
The yak gores Uhism but does no damage.
Uhism completely misses the yak.
The yak gores you!
* * * LOW HITPOINT WARNING * * *
Uhism hits the yak.
The yak attacks as it pursues you! The yak gores you!
You die...
Hepliaklqana delivers you to your ancestors.

#....#....###..............
#.........###.##...........
#....##.##.................
##..........#..............
########..........#..............
...#...........R.(..###..........
)))...........YY.Y.## ##.........
..)........#####Y.## #.........
.).........# ##@## ##.#......#
)..........####..######..........
...........##............##.##...
...........##...########.##.##...
....>..........## #....##...
...#.....#..#### #..#######
##########..# #.## #### ###


You could see the friendly Uhism the ancestor and 3 yaks.

Vanquished Creatures
  Joseph (D:7)
  A troll (D:9)
  Grinder (D:6)
  A hornet (D:9)
  7 yaks (D:8)
  A steam dragon (D:6)
  2 water moccasins
  2 sky beasts
  An ice beast (D:6)
  An ogre (D:4)
  2 phantoms
  2 bullfrogs
  2 kobold brigands (D:6)
  2 scorpions (D:7)
  3 wights (D:8)
  8 killer bees
  A howler monkey (D:6)
  3 jellies
  2 hounds
  3 orc priests
  5 sleepcaps
  4 iguanas
  10 orc wizards
  3 adders
  A shadow imp (D:7)
  A white imp (D:7)
  3 ribbon worms (D:3)
  2 dart slugs
  33 orcs
  4 bats
  5 endoplasms
  2 giant cockroaches
  13 goblins
  8 hobgoblins
  10 jackals
  10 kobolds
  3 quokkas
  5 ball pythons
  2 frilled lizards
  A rat (D:1)
171 creatures vanquished.

Vanquished Creatures (collateral kills)
  2 water moccasins
  An ice beast (D:8)
  A sky beast (D:7)
  An ogre (D:6)
  A phantom (D:5)
  An orc priest (D:8)
  A white imp (D:5)
  4 orcs
  4 kobolds (D:6)
16 creatures vanquished.

Vanquished Creatures (others)
  5 ancestors
5 creatures vanquished.

Grand Total: 192 creatures vanquished

Notes
Turn   | Place    | Note
-------+----------+-------------------------------------------
     0 | D:1      | warriortoast the Gargoyle Earth Elementalist began the
                  | quest for the Orb.
     0 | D:1      | Reached XP level 1. HP: 10/10 MP: 3/3
   188 | D:1      | Reached XP level 2. HP: 15/15 MP: 5/5
   280 | D:1      | Reached skill level 4 in Earth Magic
   744 | D:1      | Reached XP level 3. HP: 19/19 MP: 4/6
  1641 | D:2      | Found a burning altar of Makhleb.
  1991 | D:3      | Reached XP level 4. HP: 24/24 MP: 5/8
  2010 | D:3      | Identified the +8 spear "Vucs" {venom, *Noise rF+++ Dex+4}
  2390 | D:3      | Found a faded altar of an unknown god.
  2805 | D:4      | Noticed an ogre
  2866 | D:4      | Found a staircase to the Ecumenical Temple.
  2876 | Temple   | Entered the Ecumenical Temple
  2925 | Temple   | Became a worshipper of Hepliaklqana the Forgotten
  2967 | D:4      | Reached XP level 5. HP: 28/28 MP: 3/9
  3047 | D:4      | Noticed a phantom
  3056 | D:4      | Killed a phantom
  3057 | D:4      | Reached skill level 5 in Earth Magic
  3225 | D:4      | Reached XP level 6. HP: 32/32 MP: 8/11
  3645 | D:4      | Reached skill level 6 in Earth Magic
  3668 | D:4      | Noticed Sigmund
  3717 | D:5      | Entered Level 5 of the Dungeon
  3773 | D:5      | Reached XP level 7. HP: 36/36 MP: 8/13
  4139 | D:5      | Reached * piety under Hepliaklqana
  4897 | D:5      | Found an ancient bone altar of Kikubaaqudgha.
  4939 | D:5      | Reached skill level 5 in Conjurations
  5220 | D:6      | Reached XP level 8. HP: 36/36 MP: 11/15
  5254 | D:6      | Found a sparkling altar of Nemelex Xobeh.
  5255 | D:6      | Found a burning altar of Makhleb.
  5346 | D:6      | Reached skill level 5 in Spellcasting
  5346 | D:6      | Reached skill level 7 in Earth Magic
  5707 | D:6      | Reached skill level 5 in Stealth
  5975 | D:6      | Reached skill level 8 in Earth Magic
  5975 | D:6      | Reached XP level 9. HP: 40/40 MP: 13/17
  6023 | D:6      | Noticed Grinder
  6043 | D:6      | Killed Grinder
  6165 | D:6      | Reached ** piety under Hepliaklqana
  6422 | D:7      | Found Lisuq's Distillery.
  6431 | D:7      | Bought a potion of lignification for 33 gold pieces
  6431 | D:7      | Bought a potion of curing for 33 gold pieces
  6431 | D:7      | Bought a potion of haste for 110 gold pieces
  6431 | D:7      | Bought a potion of brilliance for 44 gold pieces
  6437 | D:7      | Noticed Joseph
  6506 | D:7      | Found Siosahuu's Weapon Boutique.
  6520 | D:7      | Reached skill level 9 in Earth Magic
  6576 | D:7      | Found Geecemig's Armour Shop.
  6746 | D:7      | Found Hesm's Weapon Shop.
  7027 | D:7      | Killed Joseph
  7032 | D:7      | Learned a level 3 spell: Stone Arrow
  7037 | D:7      | Learned a level 4 spell: Brom's Barrelling Boulder
  7041 | D:7      | Learned a level 3 spell: Passwall
  7046 | D:7      | Learned a level 4 spell: Petrify
  7210 | D:8      | Reached XP level 10. HP: 45/45 MP: 18/21
  7270 | D:8      | Reached skill level 10 in Earth Magic
  7296 | D:9      | Found the +4 skin of Zhor {*Englaciate rC+++ SInv}
  7602 | D:8      | Reached *** piety under Hepliaklqana
  7974 | D:9      | Noticed a seven-headed hydra
  8028 | D:8      | Slain by a yak

Illustrated notes

Levels and vault maps discovered:
D:1:      nicolae_arrival_memento_mori, layout_basic
D:2:      layout_basic, basic_altar
D:3:      layout_loops_ring, basic_ecumenical_altar,
          minmay_misc_feat_secret_circle
D:4:      layout_basic, minmay_temple_entry_large_hall, uniq_sigmund
D:5:      layout_basic, nicolae_kikubaaqudgha_miasma_corner,
          serial_co_window_serial, co_window_paths_a, co_window_paths_b,
          co_window_paths_b, co_window_cross_1, co_window_cross_1,
          co_window_corner_b, co_window_unsneaky_path_a,
          co_window_of_opportunity_b, co_window_unsneaky_path_e,
          co_window_paths_d, co_window_4corner_a, glass_columns_c,
          glass_columns_a, glass_columns_c, glass_columns_a
D:6:      layout_loops_ring, mainiacjoe_overflow_catch_the_wave, uniq_grinder
D:7:      layout_loops_cross, serial_shops, shop, nicolae_shop_stone, shop,
          nicolae_shop_just_a_little_nook, uniq_joseph
D:8:      layout_rooms
D:9:      layout_rooms, orc_0_dummy, ebering_ghost_funeral_grove,
          corner_web_ring, minmay_st_funbox, kennysheep_nub,
          hangedman_abyss_or_decor_passed, hangedman_minor_gate_pass,
          uniq_maggie
Temple:   hellmonk_temple_of_storms

Skill      XL: |  1  2  3  4  5  6  7  8  9 10 |
---------------+-------------------------------+-----
Earth Magic    | 4 5 6 8 9 10 | 10.0
Conjurations   | 2 3 4 5 6 8 9 |  9.9
Spellcasting   | 3 4 5 7 8 |  8.6
Stealth        | 3 5 |  5.0
Dodging        | |  1.5

Action                     |  1- 3 |  4- 6 |  7- 9 | 10-12 || total
---------------------------+-------+-------+-------+-------++-------
  Melee: War axe           |     5 |       |       |       ||     5
         Spear             |       |    10 |    20 |       ||    30
   Cast: Sandblast         |    68 |    74 |   156 |    53 ||   351
 Invoke: Recall Ancestor   |       |       |       |     1 ||     1
 Armour: Robe              |    26 |    23 |    44 |    64 ||   157
  Dodge: Dodged            |    37 |    51 |    59 |   118 ||   265

Table legend: (Time is in decaauts)
 A = Elapsed time spent in this place.
 B = Non-inter-level travel time spent in this place.
 C = Inter-level travel time spent in this place.
 D = Time resting spent in this place.
 E = Time spent auto-exploring this place.
 F = Levels seen in this place.
 G = Mean time per level.
                   A        B        C        D        E       F      G
               +--------+--------+--------+--------+--------+-----+--------+
         Total |   8208 |   7909 |    299 |    406 |   6105 |  10 |  820.8 |
       Dungeon |   8143 |   7844 |    299 |    406 |   6087 |   9 |  904.8 |
        Temple |     64 |     64 |      0 |      0 |     18 |   1 |   64.0 |
               +--------+--------+--------+--------+--------+-----+--------+

Top non-repeatable levels by time:
     D:5: 1521 daAuts
     D:1: 1087 daAuts
     D:6: 1050 daAuts
     D:4: 955 daAuts
     D:7: 926 daAuts
     D:2: 886 daAuts
     D:8: 872 daAuts
     D:3: 793 daAuts
  Temple: 64 daAuts
     D:9: 49 daAuts
